Map: [ESL] Tropical Sacrifice

Players

Serral - Winner!

  • Race: Zerg Zerg
  • Spawn Location: 1:00

herO

  • Race: Protoss Protoss
  • Spawn Location: 7:00

VOD

Have the link to the VOD?

Description

Time

  • Played on: Nov. 4, 2022, 11:05 a.m.
  • Length: 11:03
Show
View Real Time Build Order
Export as new Build Order

Serral Zerg - Winner!

Build Orders: Hatch First 

Get SALT Encoding   

  12  0:00  Drone  
  13  0:13  Overlord  
  13  0:17  Drone  
  14  0:31  Drone  
  15  0:45  Hatchery  
  15  0:49  Drone  
  15  0:53  Drone  
  15  0:57  Drone  
  17  1:13  Spawning Pool  
  17  1:16  Drone  
  17  1:20  Extractor  
  17  1:21  Drone  
  17  1:24  Drone  
  18  1:34  Drone  
  19  1:43  Drone  
  20  2:00  Zergling x4, Queen x2  
  26  2:08  Overlord  
  26  2:12  Drone  
  27  2:16  Drone  
  27  2:21  Metabolic Boost  
  28  2:27  Drone x2  
  30  2:42  Hatchery  
  29  2:44  Drone  
  29  2:46  Drone  
  31  2:53  Queen  
  33  3:00  Overlord  
  33  3:02  Drone x2  
  33  3:04  Drone  
  36  3:13  Overlord  
  36  3:18  Queen  
  37  3:20  Drone x2  
  37  3:21  Drone  
  37  3:23  Drone  
  37  3:25  Drone  
  43  3:27  Drone  
  43  3:31  Drone  
  43  3:33  Queen  
  46  3:38  Overlord  
  46  3:44  Drone x2  
  48  3:48  Drone  
  48  3:49  Drone  
  50  3:55  Roach Warren  
  50  3:56  Drone x3  
  50  4:02  Zergling x4  
  54  4:04  Drone  
  54  4:05  Drone  
  54  4:08  Drone  
  57  4:14  Zergling x2  
  57  4:17  Drone x2, Overlord, Extractor  
  58  4:22  Drone x2  
  58  4:23  Zergling x2  
  62  4:28  Overlord  
  62  4:31  Zergling x2  
  62  4:32  Overlord  
  62  4:38  Zergling x2  
  62  4:39  Lair  
  62  4:41  Spore Crawler  
  62  4:45  Drone x4  
  66  4:48  Zergling x6  
  66  4:50  Drone x3  
  66  4:51  Drone x2  
  75  4:56  Zergling x2  
  75  4:57  Evolution Chamber  
  75  4:59  Drone  
  76  5:02  Drone  
  76  5:08  Extractor x2  
  76  5:10  Drone x2  
  76  5:13  Overlord  
  76  5:16  Drone  
  76  5:22  Drone x3  
  76  5:23  Overlord  
  76  5:25  Zerg Missile Weapons Level 1  
  76  5:27  Overlord  
  80  5:28  Drone x3  
  80  5:33  Extractor  
  80  5:34  Extractor  
  80  5:36  Drone x2  
  80  5:40  Glial Reconstitution  
  82  5:46  Spire  
  82  5:48  Roach x3  
  87  5:51  Roach x3  
  92  5:58  Drone x4  
  92  6:00  Drone  
  92  6:01  Roach  
  92  6:03  Roach x3  
  105  6:07  Overlord  
  105  6:08  Hatchery, Ravager x2  
  104  6:11  Overlord  
  105  6:23  Hatchery  
  99  6:28  Drone x2  
  99  6:29  Baneling Nest, Roach x2  
  99  6:32  Ravager x2  
  106  6:35  Zergling x4, Roach x3  
  106  6:39  Overlord  
  113  6:40  Overlord  
  113  6:48  Zergling x6  
  113  6:56  Overlord  
  113  6:57  Queen x3, Overlord  
  119  7:08  Zergling x8  
  123  7:12  Mutalisk x3  
  123  7:15  Overlord x4  
  127  7:16  Mutalisk  
  127  7:19  Mutalisk  
  126  7:23  Ravager x3  
  126  7:25  Roach x2  
  134  7:30  Zergling x2  
  134  7:32  Baneling x7  
  134  7:33  Baneling  
  133  7:37  Zergling x16  
  133  7:40  Zergling x4  
  122  7:52  Roach x6  
  125  7:59  Roach x2  
  125  8:00  Roach  
  125  8:03  Roach, Zerg Melee Weapons Level 1  
  125  8:04  Roach  
  125  8:05  Roach  
  129  8:06  Roach  
  129  8:07  Roach  
  129  8:08  Roach  
  129  8:11  Roach x2  
  137  8:18  Ravager x3  
  140  8:20  Zergling x10  
  140  8:24  Zergling x4  
  147  8:29  Overlord  
  147  8:36  Zergling x14  
  154  8:44  Centrifugal Hooks  
  154  8:46  Overlord  
  152  8:54  Zergling x14  
  159  9:04  Baneling x6  
  159  9:05  Mutalisk  
  159  9:06  Mutalisk x4  
  159  9:09  Drone x3  
  172  9:13  Mutalisk  
  171  9:24  Drone x2  
  171  9:25  Drone x4  
  171  9:26  Zergling x12  
  174  9:40  Zergling x20  
  184  9:46  Overlord x2  
  184  9:49  Baneling x9  
  184  9:50  Baneling x11  
  184  10:07  Zergling x22, Drone  
  194  10:16  Hatchery  
  183  10:22  Zergling x14  
  183  10:23  Zergling x10  
  183  10:26  Zergling x2  
  182  10:30  Zergling x6  
  153  10:37  Roach x7  
Show
View Real Time Build Order
Export as new Build Order

herO Protoss 

Build Orders: 1 Gate Expand 

Get SALT Encoding   

  12  0:00  Probe  
  13  0:12  Probe  
  14  0:18  Pylon  
  14  0:24  Probe (Chrono Boost)  
  15  0:37  Probe (Chrono Boost)  
  16  0:44  Gateway  
  16  0:45  Probe (Chrono Boost)  
  16  0:49  Assimilator  
  17  0:51  Probe  
  18  1:03  Probe  
  19  1:15  Probe  
  20  1:27  Nexus  
  20  1:37  Cybernetics Core  
  21  1:40  Probe  
  21  1:45  Assimilator  
  21  1:52  Probe  
  22  1:56  Pylon  
  22  2:04  Probe  
  23  2:13  Adept  
  25  2:16  Probe (Chrono Boost)  
  25  2:20  Robotics Facility  
  26  2:26  Probe (Chrono Boost)  
  26  2:27  Warp Gate  
  27  2:32  Probe (Chrono Boost)  
  28  2:39  Probe (Chrono Boost)  
  28  2:43  Stalker  
  31  2:48  Probe (Chrono Boost)  
  31  2:50  Probe (Chrono Boost)  
  33  2:53  Probe (Chrono Boost)  
  34  2:59  Probe  
  35  3:09  Robotics Bay  
  35  3:12  Observer (Chrono Boost)  
  36  3:13  Probe x2  
  38  3:20  Gateway  
  38  3:24  Warp Prism (Chrono Boost)  
  40  3:28  Probe  
  40  3:29  Probe  
  40  3:33  Pylon  
  42  3:40  Probe  
  42  3:41  Probe  
  44  3:43  Assimilator  
  44  3:52  Probe  
  44  3:53  Gravitic Drive, Probe  
  46  3:58  Disruptor (Chrono Boost)  
  49  4:04  Probe  
  49  4:05  Probe  
  51  4:13  Pylon  
  51  4:17  Twilight Council, Probe x2  
  53  4:31  Adept  
  53  4:32  Adept, Nexus  
  56  4:40  Probe x2  
  56  4:43  Disruptor  
  61  4:48  Pylon  
  61  4:53  Probe  
  61  4:54  Blink (Chrono Boost)  
  61  4:56  Assimilator  
  62  5:05  Pylon  
  62  5:06  Probe  
  63  5:09  Zealot x2  
  63  5:13  Probe  
  68  5:18  Probe  
  69  5:22  Gateway  
  69  5:23  Disruptor, Gateway  
  69  5:25  Shield Battery  
  72  5:30  Probe x2  
  74  5:37  Sentry, Stalker  
  74  5:39  Observer  
  78  5:44  Probe x2  
  78  5:45  Probe  
  78  5:46  Gateway  
  81  5:55  Gateway  
  81  5:57  Gateway  
  81  6:07  Stalker x2  
  81  6:08  Probe x3  
  88  6:22  Probe x3, Stalker  
  93  6:27  Pylon  
  93  6:28  Pylon  
  93  6:29  Pylon  
  93  6:30  Pylon  
  93  6:39  Pylon x2  
  93  6:41  Pylon  
  93  6:44  Disruptor (Chrono Boost)  
  96  6:50  Stalker x2  
  96  6:54  Pylon  
  100  6:57  Stalker x4  
  100  6:58  Stalker  
  110  7:03  Gateway  
  110  7:05  Pylon  
  110  7:11  Observer  
  111  7:22  Stalker x6  
  123  7:24  Stalker  
  111  7:53  Observer  
  111  7:54  Stalker x7  
  110  7:59  Warp Prism (Chrono Boost)  
  91  8:25  Probe x2  
  91  8:26  Probe  
  94  8:29  Stalker  
  94  8:30  Stalker x7  
  106  8:37  Probe  
  106  8:38  Probe x2  
  104  8:43  Disruptor (Chrono Boost)  
  107  8:48  Nexus  
  107  8:50  Probe x3, Pylon  
  107  8:55  Shield Battery  
  110  8:58  Shield Battery  
  110  9:01  Charge  
  110  9:02  Probe x3  
  113  9:09  Disruptor (Chrono Boost)  
  113  9:10  Shield Battery x2  
  113  9:14  Probe x2  
  113  9:15  Probe  
  118  9:20  Zealot x4  
  126  9:26  Probe x2  
  126  9:29  Stalker x3  
  134  9:37  Probe (Chrono Boost)  
  134  9:38  Probe x2 (Chrono Boost)  
  125  9:42  Disruptor (Chrono Boost)  
  128  9:50  Probe x3 (Chrono Boost)  
  131  9:55  Probe x3 (Chrono Boost)  
  131  10:00  Zealot x3  
  131  10:02  Probe  
  131  10:04  Probe  
  139  10:10  Disruptor  
  114  10:22  Stalker x3  
  114  10:23  Stalker  
Tags
 
Add a new tag
Caveats
  • Supply blocks, unpowered buildings, or Contaminate may cause inaccurate times.
  • Supply counts are checked every 10 seconds.